 Dungeon Crawl Stone Soup version 0.30-a0-4-ga7cffc901d (webtiles) character file.

Game seed: 8483205599145178505

47805 rogsnak the Devastator (level 14, -6/107 HPs)
             Began as a Pale Draconian Earth Elementalist on Aug 19, 2022.
             Was an Elder of Sif Muna.
             Shot with an arrow by a centaur warrior (14 damage)
             ... on level 15 of the Dungeon on Aug 21, 2022.
             The game lasted 01:20:15 (25762 turns).

rogsnak the Devastator (DrEE)                      Turns: 25762, Time: 01:20:15

Health: -6/107     AC: 10    Str: 10    XL:     14   Next: 9%
Magic:  16/39      EV: 14    Int: 26    God:    Sif Muna [****..]
Gold:   2059       SH:  0    Dex: 13    Spells: 26/37 levels left

rFire   . . .      SeeInvis .    h - +2 whip (venom)
rCold   . . .      Faith    .    (no shield)
rNeg    . . .      Spirit   .    (body armour unavailable)
rPois   .          Reflect  .    (helmet restricted)
rElec   .          Harm     .    H - +1 cloak
rCorr   .          Rampage  .    (no gloves)
Will    +....                    (no boots)
Stlth   ++........               (no amulet)
HPRegen 0.27/turn                b - +6 ring of intelligence
MPRegen 0.26/turn                K - ring of magical power

@: short of breath
A: breathe steam, AC +8, unfitting armour, cold-blooded, steam resistance
a: Breathe Steam, Renounce Religion, Channel Magic, Forget Spell, Divine
Exegesis


You were on level 15 of the Dungeon.
You worshipped Sif Muna.
Sif Muna was greatly pleased with you.
You visited 2 branches of the dungeon, and saw 16 of its levels.
You also visited: Bailey.

You collected 2059 gold pieces.

Inventory:

Hand Weapons
 f - a +4 scimitar of flaming
 h - a +2 whip of venom (weapon)
 P - a +2 trident of protection
Missiles
 c - 2 curare-tipped darts
 e - 150 stones
 I - 70 poisoned darts
 S - a throwing net
Armour
 E - the +1 pair of gloves "Luotak" {Harm Dex+4}
   (You found it in a bailey)

   Dex:       It affects your dexterity (+4).
   Harm:      It increases damage dealt and taken.
 H - a +1 cloak (worn)
 W - a +0 buckler
Magical Staves
 N - a staff of cold
 U - a staff of poison
Jewellery
 b - a +6 ring of intelligence (left hand)
 n - a +6 ring of intelligence
 q - a ring of flight
 s - a ring of fire
 K - a ring of magical power (right hand)
 Q - a ring of protection from cold
 X - a ring of wizardry
Wands
 v - a wand of mindburst (11)
 F - a wand of polymorph (8)
Scrolls
 d - 5 scrolls of teleportation {unknown}
 g - 6 scrolls of enchant weapon {unknown}
 i - 23 scrolls of identify {unknown}
 m - 2 scrolls of acquirement {unknown}
 o - 2 scrolls of immolation {unknown}
 p - a scroll of amnesia {unknown}
 r - 4 scrolls of noise {unknown}
 y - 3 scrolls of vulnerability {unknown}
 A - 3 scrolls of enchant armour {unknown}
 C - 4 scrolls of brand weapon {unknown}
 D - 2 scrolls of fear {unknown}
 G - a scroll of torment {unknown}
 J - 3 scrolls of poison {unknown}
 M - 5 scrolls of butterflies {unknown}
 O - 2 scrolls of summoning {unknown}
 R - a scroll of magic mapping {unknown}
 T - 2 scrolls of blinking {unknown}
Potions
 a - 3 potions of magic
 j - 2 potions of brilliance {unknown}
 k - 2 potions of attraction {unknown}
 l - 5 potions of curing
 t - 4 potions of flight {unknown}
 u - 3 potions of cancellation {unknown}
 w - a potion of lignification {unknown}
 x - 4 potions of haste {unknown}
 z - a potion of invisibility
 B - 3 potions of heal wounds {unknown}
 L - a potion of mutation {unknown}
 V - 9 potions of ambrosia
Miscellaneous
 Y - a condenser vane


   Skills:
 + Level 5.2 Fighting
 + Level 6.1 Dodging
 - Level 2.0 Stealth
 + Level 12.1 Spellcasting
 * Level 15.7 Conjurations
 - Level 1.0 Transmutations
 + Level 2.5 Air Magic
 + Level 12.0 Earth Magic


You had 26 spell levels left.
You knew the following spells:

 Your Spells              Type           Power      Damage    Failure   Level
a - Sandblast             Erth           100%       2d20      1%          1
b - Stone Arrow           Conj/Erth      100%       3d13      1%          3
c - Hailstorm             Conj/Ice       54%        3d12      1%          4
d - Mephitic Cloud        Conj/Pois/Air  47%        N/A       1%          3

Your spell library contained the following spells:

 Spells                   Type           Power      Damage    Failure   Level
 Magic Dart               Conj           100%       1d8       0%          1
 Searing Ray              Conj           100%       2d8       0%          2
 Passwall                 Tmut/Erth      40%        N/A       1%          2
 Fulminant Prism          Conj/Hex       27%        3d14      1%          4
 Petrify                  Tmut/Erth      49%        N/A       2%          4
 Slow                     Hex            60%        N/A       3%          1
 Wereblood                Tmut           21%        N/A       3%          2
 Call Imp                 Summ           15%        N/A       5%          2
 Sublimation of Blood     Necr           15%        N/A       5%          2
 Confusing Touch          Hex            15%        N/A       11%         3
 Gell's Gravitas          Tloc           15%        N/A       11%         3
 Lesser Beckoning         Tloc           15%        N/A       11%         3
 Teleport Other           Tloc           15%        N/A       11%         3
 Ice Form                 Ice/Tmut       18%        N/A       30%         4
 Agony                    Necr           15%        N/A       71%         5
 Summon Forest            Summ/Tloc      7%         N/A       71%         5
 Summon Mana Viper        Hex/Summ       15%        N/A       71%         5
 Death Channel            Necr           7%         N/A       99%         6
 Dispersal                Tloc           7%         N/A       99%         6
 Simulacrum               Ice/Necr       7%         N/A       99%         6
 Summon Cactus Giant      Summ           7%         N/A       99%         6
 Summon Hydra             Summ           7%         N/A       100%        7
 Chain Lightning          Conj/Air       29%        3d39      100%        9
 Fire Storm               Conj/Fire      27%        8d7       100%        9
 Shatter                  Erth           34%        3d27*     100%        9


Dungeon Overview and Level Annotations

Branches:
Dungeon (15/15)            Temple (1/1) D:6            Lair (0/5) D:11
    Orc (0/2) D:10         Vaults (0/5) D:14         Bailey (visited)
 Depths: D:15

Altars:
Ashenzari
Cheibriados
Dithmenos
Elyvilon
Fedhas
Gozag
Hepliaklqana
Kikubaaqudgha
Makhleb
Nemelex Xobeh
Okawaru
Qazlal
Ru
Sif Muna
Trog
Vehumet
Wu Jian
Xom
Yredelemnul
Zin

Shops:
D:8 =   D:10 :


Innate Abilities, Weirdness & Mutations

You can breathe blasts of scalding, opaque steam.
Your pale cyan-grey scales are hard. (AC +8)
You cannot fit into any form of body armour.
You are cold-blooded and may be slowed by cold attacks.
You are immune to the effects of steam.


Message History

Press: ? - help, Shift-Dir - straight line, p - centaur The ball explodes into a vile cloud!
The stinking cloud engulfs the centaur warrior but does no damage.
The centaur warrior is lightly wounded.
The stinking cloud engulfs the centaur but does no damage. x2
The centaur is engulfed in noxious fumes.
The centaur appears confused.
The centaur hits you but does no damage.
The centaur barely misses you.
The centaur hits itself.
The centaur kicks itself.
The centaur warrior shoots an arrow.
The arrow barely misses you.
The centaur is engulfed in noxious fumes.
The centaur appears confused.
Something hits the centaur.
Something kicks the centaur but does no damage.
Unknown command.
Unknown command.
Casting: Mephitic Cloud (safe; 1% risk of failure)
Confirm with . or Enter, or press ? or * to list all spells.
Aiming: Mephitic Cloud (safe; 1% risk of failure)
Press: ? - help, Shift-Dir - straight line, f - centaur
Aim: a centaur, wielding a +0 shortbow (noxious fumes, lightly wounded, confused, chance to affect: 81%)
The ball explodes into a vile cloud!
The stinking cloud engulfs the centaur but does no damage.
The centaur is lightly wounded.
The stinking cloud engulfs the centaur warrior but does no damage.
The centaur warrior is lightly wounded.
You hear a horrible gurgling sound!
The centaur warrior is engulfed in noxious fumes.
The centaur warrior shoots an arrow.
The arrow hits you!!
* * * LOW HITPOINT WARNING * * *
The centaur is engulfed in noxious fumes.
The centaur appears confused.
The centaur unwields a +0 shortbow.
The centaur hits the centaur warrior.
The centaur kicks the centaur warrior but does no damage.
The centaur hits itself.
The centaur kicks itself.
The centaur closely misses you.
The centaur kicks you but does no damage.
The centaur warrior is engulfed in noxious fumes.
The centaur warrior shoots an arrow.
The arrow hits you!
You die...

#########
########.......#
#.....##.......#
#☼#○°..........##
####cc§#............
#....#.###....####..
#..@c#.# #....# #..
#.○○○#.###§...# #..
#.○○.#...#§...#####.
#..☼.#c###§§..#..<..
#..........§.##.....
#........#.#c##...#.
#...#....#.#.###..##
#####....#.#........
#......#..c.....


You could see a centaur warrior (very poisoned) and 2 centaurs.

Vanquished Creatures
  Frances (D:13)
  A fire dragon (D:14)
  A boulder beetle (D:13)
  A hydra (D:11)
  3 vault guards (D:14)
  8 two-headed ogres
  5 centaur warriors
  Lodul (D:13)
  A wizard (D:14)
  A deep elf pyromancer (Bailey)
  Pikel (D:7)
  3 orc knights
  3 orc sorcerers
  5 cyclopes
  8 ugly things
  A manticore (D:12)
  2 gargoyles
  3 efreet (D:14)
  Psyche (D:11)
  2 kobold demonologists (D:9)
  2 komodo dragons
  3 yaktaurs (D:14)
  2 tengu conjurers (D:14)
  7 trolls
  6 meliai
  A queen bee (D:12)
  A hornet (D:8)
  A hornet (shapeshifter) (D:15)
  Grinder (D:4)
  23 slime creatures
  Sigmund (D:5)
  A shadow (D:10)
  6 yaks (D:10)
  A wyvern (D:11)
  5 basilisks
  3 wraiths
  The ghost of spaghetti the Insei, an amateur DsBe of Trog (D:4)
  A redback (shapeshifter) (D:14)
  2 steam dragons
  10 wargs
  Duvessa (D:7)
  2 acid dragons
  2 black bears
  12 orc warriors
  2 ice beasts
  10 ogres
  12 centaurs
  2 phantoms
  4 lemures (D:7)
  9 kobold brigands
  3 scorpions
  3 bullfrogs
  6 gnoll sergeants
  A necrophage (D:6)
  13 wights
  Dowan (D:7)
  27 killer bees
  14 howler monkeys
  A hound (D:7)
  Crazy Yiuf (D:6)
  8 orc priests
  4 iron imps
  3 jellies
  8 gnoll boudas
  4 iguanas
  13 orc wizards
  21 gnolls
  3 adders
  A shadow imp (D:7)
  2 white imps
  2 ufetubi
  2 worms
  A dart slug (D:1)
  33 orcs
  9 endoplasms
  9 hobgoblins
  5 jackals
  5 quokkas
  9 ball pythons
  6 bats
  4 frilled lizards
  5 goblins
  31 kobolds
  5 rats
449 creatures vanquished.

Vanquished Creatures (collateral kills)
  2 ugly things (D:15)
2 creatures vanquished.

Vanquished Creatures (others)
  An ugly thing (D:15)
  A slime creature (D:14)
  3 fungi
  5 plants (D:9)
10 creatures vanquished.

Grand Total: 461 creatures vanquished

Notes
Turn   | Place    | Note
-------+----------+-------------------------------------------
     0 | D:1      | rogsnak the Draconian Earth Elementalist began the quest
                  | for the Orb.
     0 | D:1      | Reached XP level 1. HP: 14/14 MP: 3/3
   330 | D:1      | Reached XP level 2. HP: 14/20 MP: 5/5
   852 | D:2      | Reached XP level 3. HP: 27/27 MP: 6/6
  1244 | D:2      | Found a faded altar of an unknown god.
  1521 | D:2      | Learned a level 3 spell: Stone Arrow
  1951 | D:3      | Found an iron altar of Okawaru.
  2042 | D:3      | Found a stormy altar of Qazlal.
  2049 | D:3      | Found a white marble altar of Elyvilon.
  2125 | D:3      | Reached XP level 4. HP: 34/34 MP: 3/7
  2194 | D:3      | Noticed a phantom
  2205 | D:3      | Killed a phantom
  2206 | D:3      | Reached skill level 1 in Fighting
  2206 | D:3      | Reached skill level 1 in Conjurations
  2206 | D:3      | Reached XP level 5. HP: 23/40 MP: 2/9
  2409 | D:3      | You fall into a shaft and drop 2 floors!
  2409 | D:5      | Entered Level 5 of the Dungeon
  2554 | D:4      | Reached XP level 6. HP: 48/48 MP: 3/10
  2761 | D:4      | Found a runed translucent gate.
  2761 | D:4      | Noticed spaghetti's ghost (amateur DsBe)
  2762 | D:4      | Found a runed translucent gate.
  2762 | D:4      | Found a runed translucent gate.
  2813 | D:4      | Reached skill level 2 in Conjurations
  3685 | D:4      | Noticed Grinder
  3699 | D:4      | Killed Grinder
  3700 | D:4      | Reached skill level 5 in Earth Magic
  3700 | D:4      | Your scales start taking on a pale cyan-grey colour.
  3700 | D:4      | Reached XP level 7. HP: 34/56 MP: 0/12
  3700 | D:4      | Gained mutation: You are immune to the effects of steam.
                  | [Pale Draconian growth]
  3843 | D:4      | Reached skill level 3 in Conjurations
  4354 | D:4      | Reached XP level 8. HP: 63/63 MP: 7/14
  4429 | D:4      | Killed spaghetti's ghost
  4430 | D:4      | Reached skill level 4 in Conjurations
  4700 | D:5      | Noticed Sigmund
  4746 | D:5      | Killed Sigmund
  4979 | D:5      | Found a radiant altar of Vehumet.
  5300 | D:6      | Found a bloodstained altar of Trog.
  5398 | D:6      | Reached skill level 5 in Spellcasting
  5429 | D:6      | Reached skill level 5 in Conjurations
  6118 | D:6      | Found a staircase to the Ecumenical Temple.
  6132 | Temple   | Entered the Ecumenical Temple
  6297 | Temple   | Became a worshipper of Sif Muna the Loreminder
  7105 | D:6      | Found a runed translucent door.
  7106 | D:6      | Noticed Crazy Yiuf
  7111 | D:6      | Killed Crazy Yiuf
  7203 | D:7      | Reached XP level 9. HP: 70/70 MP: 2/17
  7403 | D:6      | Reached skill level 6 in Conjurations
  7522 | D:7      | Noticed Duvessa
  7522 | D:7      | Noticed Dowan
  7536 | D:7      | Killed Duvessa
  7612 | D:7      | Reached * piety under Sif Muna
  7667 | D:7      | Killed Dowan
  8530 | D:7      | Reached skill level 7 in Conjurations
  8655 | D:7      | Noticed Pikel
  8661 | D:7      | Killed Pikel
  9500 | D:8      | Found a snail-covered altar of Cheibriados.
  9510 | D:8      | Reached skill level 8 in Conjurations
  9827 | D:8      | Noticed a troll
  9835 | D:8      | Killed a troll
  9836 | D:8      | Reached XP level 10. HP: 53/78 MP: 5/20
  9881 | D:8      | Found a flagged portal.
 10027 | Bailey   | Entered a bailey
 10189 | Bailey   | Noticed an orc knight
 10200 | Bailey   | Killed an orc knight
 10200 | Bailey   | Reached ** piety under Sif Muna
 10201 | Bailey   | Reached skill level 5 in Dodging
 10229 | Bailey   | Reached skill level 9 in Conjurations
 10486 | Bailey   | Found a large runed translucent door.
 10486 | Bailey   | Found a large runed translucent door.
 10487 | Bailey   | Noticed a deep elf pyromancer
 10570 | Bailey   | Killed a deep elf pyromancer
 10578 | Bailey   | Identified the +1 pair of gloves "Luotak" {Harm Dex+4}
 10704 | D:8      | Found Luufrih's Jewellery Boutique.
 11304 | D:9      | Found a sparkling altar of Nemelex Xobeh.
 11701 | D:9      | Found a sacrificial altar of Ru.
 11740 | D:9      | Reached *** piety under Sif Muna
 11878 | D:9      | Noticed an orc sorcerer
 11908 | D:9      | Noticed a two-headed ogre
 11914 | D:9      | Killed a two-headed ogre
 11915 | D:9      | Reached skill level 10 in Conjurations
 12213 | D:9      | Noticed a cyclops
 12358 | D:9      | Reached XP level 11. HP: 78/84 MP: 23/23
 12665 | D:9      | Learned a level 4 spell: Hailstorm
 13667 | D:9      | Killed an orc sorcerer
 13702 | D:9      | Reached skill level 11 in Conjurations
 13884 | D:9      | Noticed a two-headed ogre
 13889 | D:9      | Killed a two-headed ogre
 14560 | D:9      | Found a burning altar of Makhleb.
 14765 | D:10     | Entered Level 10 of the Dungeon
 14821 | D:10     | Reached **** piety under Sif Muna
 14888 | D:10     | Noticed a two-headed ogre
 14907 | D:10     | Killed a two-headed ogre
 15032 | D:10     | Noticed a two-headed ogre
 15049 | D:10     | Killed a two-headed ogre
 15135 | D:10     | Found a shimmering altar of Xom.
 15147 | D:10     | Found a staircase to the Orcish Mines.
 15166 | D:10     | Reached skill level 12 in Conjurations
 15340 | D:10     | Found Witouj's Book Emporium.
 15377 | D:10     | Upgraded the game from 0.29-a0-1065-g47a6bb87d6 to
                  | 0.30-a0-2-gf48d83f5e2
 15450 | D:10     | Reached XP level 12. HP: 67/92 MP: 20/25
 15547 | D:10     | Found a shadowy altar of Dithmenos.
 15732 | D:10     | Learned a level 3 spell: Mephitic Cloud
 15830 | D:10     | Identified the +5 ring mail of Mutualism {rElec rC+ Str+8
                  | Slay-3 Stlth+}
 16084 | D:11     | Noticed a two-headed ogre
 16090 | D:11     | Killed a two-headed ogre
 16161 | D:11     | Reached skill level 10 in Earth Magic
 16201 | D:11     | Noticed Psyche
 16204 | D:11     | Killed Psyche
 16373 | D:11     | Noticed a two-headed ogre
 16377 | D:11     | Killed a two-headed ogre
 16378 | D:11     | Reached skill level 10 in Spellcasting
 16465 | D:11     | Noticed a six-headed hydra
 16469 | D:11     | Killed a six-headed hydra
 16884 | D:11     | Noticed a two-headed ogre
 16886 | D:11     | Noticed a centaur warrior
 16907 | D:11     | Killed a two-headed ogre
 16908 | D:11     | Reached skill level 13 in Conjurations
 16987 | D:11     | Killed a centaur warrior
 17189 | D:11     | Found a staircase to the Lair.
 18102 | D:11     | Reached ***** piety under Sif Muna
 18102 | D:11     | Received a gift from Sif Muna
 18674 | D:12     | Reached skill level 1 in Air Magic
 19451 | D:13     | Noticed a centaur warrior
 19456 | D:13     | Reached XP level 13. HP: 92/99 MP: 27/27
 19464 | D:13     | Reached skill level 5 in Fighting
 19753 | D:13     | Reached skill level 14 in Conjurations
 20044 | D:13     | Noticed Frances
 20075 | D:13     | Killed Frances
 20305 | D:13     | Noticed Lodul
 20417 | D:13     | Killed Lodul
 22067 | D:14     | Upgraded the game from 0.30-a0-2-gf48d83f5e2 to
                  | 0.30-a0-4-ga7cffc901d
 22437 | D:14     | Noticed a fire dragon
 22996 | D:14     | Found the +8 Vampire's Tooth {vamp}
 23336 | D:14     | Reached skill level 15 in Conjurations
 23707 | D:14     | Killed a fire dragon
 24157 | D:14     | Received a gift from Sif Muna
 24158 | D:14     | Got Sif Muna's Omnibus of Bloody Hexes {god gift}
 24563 | D:14     | Found a gate to the Vaults.
 24627 | D:15     | Entered Level 15 of the Dungeon
 24654 | D:15     | HP: 3/100 [cyan ugly thing (17)]
 24677 | D:14     | Reached XP level 14. HP: 10/107 MP: 30/30
 25762 | D:15     | Shot with an arrow by a centaur warrior

Illustrated notes

Levels and vault maps discovered:
D:1:      roderic_crossed_star, layout_rooms, minmay_pentomino_t4
D:2:      layout_basic, shapermc_ecumenical_altar_ellora
D:3:      layout_rooms, nicolae_qazlal_scattered_showers, amcnicky_altar_gilded,
          mainiacjoe_overflow_tiny_flanked, hangedman_decor_peaks_small,
          minmay_bisected
D:4:      layout_loops_ring, ebering_ghost_rock_garden, uniq_grinder
D:5:      layout_loops_cross, kennysheep_little_box, uniq_sigmund
D:6:      layout_loops_corners, mainiacjoe_overflow_24_doors,
          minmay_temple_entry_statues_fountains, palyth_stone_intersect,
          uniq_crazy_yiuf_cottage
D:7:      layout_layer_cave, uniq_pikel, uniq_duvessa
D:8:      layout_loops_ring, slow_altar_1, enter_bailey_7, serial_shops,
          nicolae_take_the_stairs
D:9:      lemuel_castle_with_subvaults [lemuel_castle_interior_carwin_1],
          layout_irregular_city, kennysheep_mini, demons_altar,
          hangedman_ru_absence
D:10:     layout_irregular_city, nicolae_overflow_crystal_walls,
          grunt_dithmenos_smoke, minmay_orc_entry_guard_dogs, serial_shops,
          shop, minmay_fractal_squares_diagonal_5
D:11:     layout_loops_ring, erik_lair_dragon, uniq_psyche
D:12:     layout_cave_pools, special_room [special_room_bee]
D:13:     layout_basic, uniq_frances, uniq_lodul
D:14:     layout_rooms, grunt_vaults_entry_fortified, interstate_on_off,
          nicolae_straight_to_the_point
D:15:     grunt_enter_depths_snipers, layout_basic, hangedman_decor_points,
          lightli_minifort
Temple:   minmay_temple_curvy_loop

Skill      XL: |  1  2  3  4  5  6  7  8  9 10 11 12 13 |
---------------+----------------------------------------+-----
Stealth        | 2 |  2.0
Dodging        | 2 3 4 5 6 |  6.1
Earth Magic    | 4 5 6 7 8 9 11 12 | 12.0
Fighting       | 1 2 3 4 5 |  5.2
Conjurations   | 1 2 3 5 8 10 12 13 15 | 15.7
Spellcasting   | 3 4 5 6 8 9 10 12 | 12.1
Air Magic      | 1 2 |  2.5
Transmutations | |  1.0

Action                   |  1- 3 |  4- 6 |  7- 9 | 10-12 | 13-15 || total
-------------------------+-------+-------+-------+-------+-------++-------
Melee: Spear             |    40 |       |       |       |       ||    40
       Unarmed           |     3 |       |       |       |       ||     3
       Tailslap          |    15 |     7 |     8 |    14 |     3 ||    47
       Whip              |    83 |    66 |    67 |    88 |    12 ||   316
       Quarterstaff      |     4 |       |       |       |       ||     4
       Punch             |       |     1 |     1 |     1 |       ||     3
       Trident           |       |       |       |     5 |       ||     5
 Cast: Sandblast         |     2 |    11 |       |     1 |     1 ||    15
       Stone Arrow       |     1 |    17 |   117 |   327 |   185 ||   647
       Hailstorm         |       |       |       |     2 |     2 ||     4
       Mephitic Cloud    |       |       |       |    19 |    43 ||    62
 Abil: Breathe Steam     |       |       |     5 |    46 |    26 ||    77
Evoke: Wand              |       |       |       |       |     1 ||     1
  Use: Potion            |       |       |       |       |     1 ||     1
 Stab: Sleeping          |     1 |     1 |     1 |       |       ||     3
       Confused          |       |       |       |       |     2 ||     2
Armor: Skin              |    33 |    19 |    33 |    46 |    22 ||   153
Dodge: Dodged            |    52 |    32 |    70 |   115 |    61 ||   330

Table legend: (Time is in decaauts)
 A = Elapsed time spent in this place.
 B = Non-inter-level travel time spent in this place.
 C = Inter-level travel time spent in this place.
 D = Time resting spent in this place.
 E = Time spent auto-exploring this place.
 F = Levels seen in this place.
 G = Mean time per level.
                   A        B        C        D        E       F      G
               +--------+--------+--------+--------+--------+-----+--------+
         Total |  25827 |  25457 |    370 |   9648 |  10076 |  17 | 1519.2 |
       Dungeon |  25027 |  24657 |    370 |   9394 |   9844 |  15 | 1668.5 |
        Temple |    188 |    188 |      0 |      0 |    136 |   1 |  188.0 |
        Bailey |    611 |    611 |      0 |    254 |     96 |   1 |  611.0 |
               +--------+--------+--------+--------+--------+-----+--------+

Top non-repeatable levels by time:
     D:9: 3485 daAuts
    D:13: 3056 daAuts
    D:14: 2952 daAuts
     D:6: 2318 daAuts
    D:11: 2272 daAuts
     D:7: 1725 daAuts
     D:4: 1693 daAuts
    D:10: 1299 daAuts
     D:8: 1272 daAuts
    D:12: 1105 daAuts
     D:2: 977 daAuts
     D:3: 880 daAuts
     D:1: 854 daAuts
     D:5: 802 daAuts
  Bailey: 611 daAuts
